 Dungeon Crawl Stone Soup version 0.30-a0-439-g9e77e4d916 (webtiles) character file.

Game seed: 17629740367408819793

436 Emberiza the Cleaver (level 6, -2/51 HPs)
             Began as a Minotaur Berserker on Dec 10, 2022.
             Was a Believer of Trog.
             Slain by an ice devil (8 damage)
             ... summoned by a kobold demonologist
             ... on level 6 of the Dungeon.
             The game lasted 00:02:47 (2856 turns).

Emberiza the Cleaver (Minotaur Berserker)           Turns: 2856, Time: 00:02:47

Health: -2/51      AC: 13    Str: 24    XL:     6   Next: 69%
Magic:  5/5        EV:  7    Int:  4    God:    Trog [**....]
Gold:   144        SH:  0    Dex:  9    Spells: 5/5 levels left

rFire   . . .      SeeInvis .    a - +0 hand axe
rCold   . . .      Faith    .    (no shield)
rNeg    . . .      Spirit   .    k - +0 plate armour
rPois   .          Reflect  .    (helmet restricted)
rElec   .          Harm     .    (no cloak)
rCorr   .          Rampage  .    e - +1 pair of gloves
Will    ++...                    (no boots)
Stlth   ..........               (no amulet)
HPRegen 1.28/turn                (no ring)
MPRegen 0.09/turn                (no ring)

@: lethally poisoned (-2 -> -6), strong-willed (expiring), on berserk cooldown,
regenerating (expiring), slowed, very slow
A: horns 2, retaliatory headbutt
a: Renounce Religion, Berserk, Trog's Hand


You were on level 6 of the Dungeon.
You worshipped Trog.
Trog was pleased with you.
You visited 1 branch of the dungeon, and saw 5 of its levels.

You collected 144 gold pieces.

Inventory:

Hand Weapons
 a - a +0 hand axe (weapon)
Missiles
 q - 2 poisoned darts (quivered)
Armour
 b - a +0 animal skin
 e - a +1 pair of gloves (worn)
 g - a +0 ring mail
 k - a +0 plate armour (worn)
Scrolls
 c - a scroll of brand weapon {unknown}
 f - a scroll of poison {unknown}
 h - 2 scrolls of identify
 l - a scroll of enchant weapon {unknown}
 n - a scroll of amnesia {unknown}
 p - a scroll of summoning {unknown}
 r - a scroll of teleportation {unknown}
Potions
 d - 4 potions of flight
 i - 3 potions of resistance {unknown}
 j - a potion of mutation {unknown}
 m - a potion of haste {unknown}
 o - a potion of might {unknown}


   Skills:
 - Level 3.6 Fighting
 + Level 9.2 Axes
 - Level 2.4 Armour
 - Level 2.1 Dodging


You had 5 spell levels left.
You didn't know any spells.
Your spell library was empty.

Dungeon Overview and Level Annotations

Branches:
Dungeon (4/15)
 Temple: D:4-7

Altars:

Annotations:
D:4 2 transporters, barrythebear's ghost, amateur DrTm


Innate Abilities, Weirdness & Mutations

You have a pair of horns on your head.
You reflexively headbutt those who attack you in melee.


Message History

The crimson imp hits you but does no damage.
The ice devil hits you. The ice devil freezes you!!
* * * LOW HITPOINT WARNING * * *
The water moccasin bites you but does no damage.
The wraith hits you but does no damage.
The water moccasin bites you but does no damage.
The kobold demonologist hits you with a +0 dagger.
* * * LOW HITPOINT WARNING * * *
Your life force feels restored.
Your Axes skill increases to level 9!
You closely miss the kobold demonologist.
Your headbutt misses the kobold demonologist.
The kobold demonologist is almost dead.
You miss the water moccasin. You closely miss the wraith.
You barely miss the crimson imp.
You hit the water moccasin but do no damage.
You hit the ice devil but do no damage.
You feel the effects of Trog's Hand fading.
The water moccasin bites you.
* * * LOW HITPOINT WARNING * * *
You are poisoned.
The water moccasin poisons you!
The water moccasin bites you but does no damage.
The crimson imp barely misses you. You furiously retaliate!
You headbutt the crimson imp! The ice devil barely misses you.
The wraith closely misses you. You furiously retaliate!
You headbutt the wraith!
The orc priest looks satisfied for a moment.
The kobold demonologist hits you but does no damage.
The water moccasin closely misses you.
You hit the kobold demonologist.
The kobold demonologist is almost dead.
You closely miss the water moccasin. You hit the ice devil but do no damage.
You hit the water moccasin. You completely miss the wraith.
You closely miss the crimson imp.
* * * LOW HITPOINT WARNING * * *
You feel very sick.
The water moccasin bites you but does no damage.
The crimson imp blinks!
The ice devil hits you!
You die... #.....# #.....#### ....#... #........###...#.#.. +.............#...# #.....##.##.#..... ###.....##..#..ln.# ........###..# oO#

#..
##.......###.##W#...#.
#######.....S@K5n...5
#####.4S4O....>
##..5S...## .....#.##
......# # ..(....#
+......... #.......##


You could see 2 ice devils, a kobold demonologist, a wraith, 2 water moccasins,
2 ogres, 2 necrophages, an iguana, an orc priest, a quasit (summoned), a crimson
imp (summoned), an adder and a shadow imp (summoned).

Vanquished Creatures
  A black bear (D:4)
  A centaur (D:6)
  A necrophage (D:6)
  A howler monkey (D:6)
  A hound (D:6)
  3 gnolls (D:4)
  3 adders
  2 ufetubi
  2 dart slugs
  An orc (D:3)
  2 ball pythons
  7 bats
  3 endoplasms
  2 giant cockroaches (D:2)
  5 goblins
  8 hobgoblins
  4 jackals (D:3)
  10 kobolds
  3 quokkas
  2 frilled lizards
  A rat (D:1)
63 creatures vanquished.

Notes
Turn   | Place    | Note
-------+----------+-------------------------------------------
     0 | D:1      | Emberiza the Minotaur Berserker began the quest for the
                  | Orb.
     0 | D:1      | Reached XP level 1. HP: 19/19 MP: 0/0
    91 | D:1      | Reached skill level 4 in Axes
    96 | D:1      | Reached XP level 2. HP: 26/26 MP: 1/1
   440 | D:1      | Reached skill level 5 in Axes
   553 | D:1      | Reached ** piety under Trog
   590 | D:1      | Reached XP level 3. HP: 29/31 MP: 2/2
   792 | D:2      | Found a faded altar of an unknown god.
  1519 | D:3      | Reached skill level 6 in Axes
  1519 | D:3      | Reached XP level 4. HP: 32/39 MP: 3/3
  1712 | D:4      | Identified the +6 great mace of Grontol {freeze, rC+ Str-3
                  | Int+4 SInv}
  1712 | D:4      | Noticed an ogre
  1712 | D:4      | Noticed barrythebear's ghost (amateur DrTm)
  1713 | D:4      | Found a transporter.
  1717 | D:4      | Found a transporter.
  1726 | D:4      | Noticed an ogre
  2272 | D:4      | Noticed a black bear
  2278 | D:4      | Killed a black bear
  2279 | D:4      | Reached skill level 7 in Axes
  2279 | D:4      | Reached XP level 5. HP: 45/45 MP: 4/4
  2813 | D:4      | You fall into a shaft and drop 2 floors!
  2826 | D:6      | Noticed a centaur
  2833 | D:6      | Killed a centaur
  2834 | D:6      | Reached skill level 8 in Axes
  2834 | D:6      | Reached XP level 6. HP: 51/51 MP: 5/5
  2836 | D:6      | Noticed a kobold demonologist
  2842 | D:6      | Noticed a water moccasin
  2842 | D:6      | Noticed a wraith
  2843 | D:6      | Noticed an acid dragon
  2850 | D:6      | Noticed an ice devil
  2851 | D:6      | Noticed a water moccasin
  2853 | D:6      | Noticed an ice devil
  2855 | D:6      | Reached skill level 9 in Axes
  2856 | D:6      | Slain by an ice devil

Illustrated notes

Levels and vault maps discovered:
D:1:      matt_arrival_refuge, layout_rooms, roderic_serpentine_path,
          minmay_tripent
D:2:      layout_rooms, ebering_ecumenical_altar_mist
D:3:      layout_basic, minmay_misc_feat_pillars
D:4:      layout_basic, gammafunk_ghost_smash
D:6:      cheibrodos_fzero, layout_basic, hellmonk_ghost_happy_afterlife,
          uniq_blork_the_orc

Skill      XL: |  1  2  3  4  5  6 |
---------------+-------------------+-----
Axes           | 4 5 6 7 8 9 |  9.2
Fighting       | |  3.6
Armour         | |  2.4
Dodging        | |  2.1

Action                   |  1- 3 |  4- 6 || total
-------------------------+-------+-------++-------
Melee: Hand axe          |    81 |    71 ||   152
       Headbutt          |    15 |    10 ||    25
       Punch             |       |     2 ||     2
Invok: Berserk           |       |     3 ||     3
       Trog's Hand       |       |     1 ||     1
  Use: Scroll            |     1 |       ||     1
       Potion            |       |     1 ||     1
Armor: Animal skin       |    13 |       ||    13
       Ring mail         |    10 |       ||    10
       Plate armour      |    16 |    75 ||    91
Dodge: Dodged            |    39 |    39 ||    78

Table legend: (Time is in decaauts)
 A = Elapsed time spent in this place.
 B = Non-inter-level travel time spent in this place.
 C = Inter-level travel time spent in this place.
 D = Time resting spent in this place.
 E = Time spent auto-exploring this place.
 F = Levels seen in this place.
 G = Mean time per level.
                   A        B        C        D        E       F      G
               +--------+--------+--------+--------+--------+-----+--------+
         Total |   2870 |   2679 |    191 |    418 |   1854 |   5 |  574.0 |
       Dungeon |   2870 |   2679 |    191 |    418 |   1854 |   5 |  574.0 |
               +--------+--------+--------+--------+--------+-----+--------+

Top non-repeatable levels by time:
     D:4: 1130 daAuts
     D:1: 689 daAuts
     D:3: 622 daAuts
     D:2: 388 daAuts
     D:6: 40 daAuts
